2901 views
Uploaded 2021-02-13 00:26:14
Game version 1.32.9
19:18 long 1on1 ladder game on (2)TerenasStand_LV
Saved by Fred
2901 views
Uploaded 2021-02-13 00:26:14
Game version 1.32.9
19:18 long 1on1 ladder game on (2)TerenasStand_LV

52 units @ 6.5k
/ 0.8k
14 buildings @ 2.3k
/ 0.9k


| Healing Salve | 2 | 200 |
| Lesser Clarity Potion | 6 | 420 |
| Scroll of Speed | 1 | 50 |
| Tiny Great Hall | 1 | 600 |
| Orb of Lightning | 2 | 750 |
| Potion of Mana | 1 | 200 |
| Potion of Healing | 1 | 150 |
| Boots of Speed | 1 | 250 |
| Staff of Teleportation | 1 | 150 |
| Potion of Lesser Invulnerability | 1 | 150 |
| total: | 17 | 2920g |
| Peon | 21 | 1575 | / | 0 |
| Troll Headhunter | 9 | 1260 | / | 180 |
| Troll Witch Doctor | 5 | 725 | / | 125 |
| Shaman | 7 | 910 | / | 140 |
| Spirit Walker | 2 | 390 | / | 70 |
| Troll Berserker | 2 | 280 | / | 40 |
| Grunt | 3 | 600 | / | 0 |
| Tauren | 2 | 560 | / | 160 |
| Raider | 1 | 180 | / | 40 |
| total: | 52 | 6480g | / | 755w |
| Altar of Storms | 1 | 180 | / | 50 |
| Orc Burrow | 5 | 800 | / | 200 |
| Voodoo Lounge | 1 | 130 | / | 30 |
| War Mill | 2 | 410 | / | 0 |
| Barracks | 1 | 180 | / | 50 |
| Spirit Lodge | 2 | 300 | / | 300 |
| Tauren Totem | 1 | 135 | / | 155 |
| Beastiary | 1 | 145 | / | 140 |
| Stronghold | 1 | 315 | / | 190 |
| Fortress | 1 | 325 | / | 190 |
| total: | 14 | 2280g | / | 925w |
| 0:04 | Altar of Storms |
| 0:08 | Orc Burrow |
| 0:10 | Peon |
| 0:11 | Peon |
| 0:19 | Voodoo Lounge |
| 0:22 | Peon |
| 0:38 | Peon |
| 1:08 | Peon |
| 1:16 | War Mill |
| 1:25 | Peon |
| 1:28 | Barracks |
| 1:32 | Peon |
| 1:34 | Peon |
| 1:46 | Peon |
| 1:53 | War Mill |
| 1:55 | Peon |
| 2:08 | Wind Walk |
| 2:12 | Healing Salve |
| 2:12 | Lesser Clarity Potion |
| 2:16 | Scroll of Speed |
| 2:34 | Peon |
| 2:56 | Stronghold |
| 3:20 | Troll Headhunter |
| 3:31 | Troll Headhunter |
| 3:35 | Orc Burrow |
| 4:08 | Orc Burrow |
| 4:13 | Boots of Speed |
| 4:23 | Staff of Teleportation |
| 4:47 | Troll Headhunter |
| 5:11 | Lesser Clarity Potion |
| 5:14 | Healing Salve |
| 5:43 | Black Arrow |
| 5:50 | Steel Ranged Weapons |
| 6:18 | Critical Strike |
| 7:04 | Fortress |
| 7:10 | Troll Headhunter |
| 7:12 | Spirit Lodge |
| 7:22 | Spirit Lodge |
| 7:28 | Lesser Clarity Potion |
| 7:34 | Lesser Clarity Potion |
| 7:49 | Troll Headhunter |
| 8:08 | Troll Headhunter |
| 8:31 | Troll Witch Doctor |
| 8:35 | Shaman Adept Training |
| 8:43 | Tauren Totem |
| 8:59 | Troll Headhunter |
| 8:59 | Troll Headhunter |
| 9:26 | Troll Headhunter |
| 9:27 | Berserker Upgrade |
| 9:28 | Shaman |
| 10:02 | Pulverize |
| 10:06 | Spirit Walker Adept Training |
| 10:07 | Shaman Master Training |
| 10:07 | Shaman |
| 10:17 | Silence |
| 10:22 | Critical Strike |
| 10:30 | Witch Doctor Adept Training |
| 10:31 | Troll Witch Doctor |
| 10:55 | Potion of Lesser Invulnerability |
| 11:04 | Orc Burrow |
| 11:54 | Tiny Great Hall |
| 12:08 | Peon |
| 12:08 | Peon |
| 12:37 | Spirit Walker Master Training |
| 12:39 | Spirit Walker |
| 12:40 | Shaman |
| 13:20 | Witch Doctor Master Training |
| 13:20 | Troll Witch Doctor |
| 13:22 | Shaman |
| 13:41 | Troll Witch Doctor |
| 14:01 | Spirit Walker |
| 14:09 | Shaman |
| 14:39 | Wind Walk |
| 14:51 | Orb of Lightning |
| 15:06 | Peon |
| 15:06 | Peon |
| 15:06 | Peon |
| 15:23 | Lesser Clarity Potion |
| 15:39 | Beastiary |
| 15:42 | Peon |
| 15:42 | Peon |
| 15:44 | Peon |
| 15:44 | Peon |
| 15:44 | Peon |
| 15:48 | Orc Burrow |
| 15:58 | Troll Berserker |
| 15:58 | Troll Berserker |
| 16:42 | Lesser Clarity Potion |
| 16:44 | Potion of Mana |
| 16:57 | Silence |
| 17:26 | Grunt |
| 17:27 | Tauren |
| 17:28 | Shaman |
| 17:29 | Troll Witch Doctor |
| 18:07 | Grunt |
| 18:17 | Tauren |
| 18:20 | Shaman |
| 18:56 | Orb of Lightning |
| 19:02 | Potion of Healing |
| 19:06 | Grunt |
| 19:09 | Raider |
| Right click | 832 |
| Select | 445 |
| Select group | 397 |
| Build/train/purchase | 132 |
| Misc. action | 100 |
| Assign group | 48 |
| Use ability | 32 |
| Item give/drop | 9 |
| Remove unit | 5 |
| Minimap ping | 1 |
57 units @ 7.6k
/ 0.7k
27 buildings @ 2.9k
/ 1.2k


| Scroll of Regeneration | 1 | 100 |
| Lesser Clarity Potion | 1 | 70 |
| Scroll of Town Portal | 1 | 350 |
| Scroll of Healing | 2 | 500 |
| Potion of Lesser Invulnerability | 2 | 300 |
| Scroll of Protection | 1 | 150 |
| total: | 8 | 1470g |
| Peasant | 21 | 1575 | / | 0 |
| Footman | 11 | 1485 | / | 0 |
| Spell Breaker | 7 | 1505 | / | 210 |
| Priest | 8 | 1080 | / | 80 |
| Sorceress | 5 | 775 | / | 100 |
| Knight | 4 | 980 | / | 240 |
| Goblin Zeppelin | 1 | 240 | / | 60 |
| total: | 57 | 7640g | / | 690w |
| Scout Tower | 3 | 90 | / | 60 |
| Arcane Tower | 1 | 70 | / | 50 |
| Guard Tower | 2 | 140 | / | 100 |
| Altar of Kings | 1 | 180 | / | 50 |
| Farm | 15 | 1200 | / | 300 |
| Barracks | 1 | 160 | / | 60 |
| Town Hall | 1 | 385 | / | 205 |
| Lumber Mill | 1 | 120 | / | 0 |
| Blacksmith | 1 | 140 | / | 60 |
| Arcane Vault | 1 | 130 | / | 30 |
| Arcane Sanctum | 3 | 450 | / | 420 |
| Keep | 1 | 320 | / | 210 |
| Castle | 1 | 360 | / | 210 |
| total: | 27 | 2855g | / | 1185w |
| 0:05 | Altar of Kings |
| 0:06 | Peasant |
| 0:06 | Peasant |
| 0:22 | Farm |
| 0:25 | Barracks |
| 0:30 | Peasant |
| 0:53 | Peasant |
| 0:55 | Farm |
| 0:59 | Peasant |
| 1:18 | Peasant |
| 1:27 | Peasant |
| 1:28 | Footman |
| 1:32 | Farm |
| 1:45 | Footman |
| 1:56 | Peasant |
| 2:10 | Footman |
| 2:15 | Summon Water Elemental |
| 2:21 | Peasant |
| 2:22 | Peasant |
| 2:35 | Footman |
| 3:07 | Brilliance Aura |
| 3:11 | Town Hall |
| 3:16 | Scout Tower |
| 3:34 | Footman |
| 4:08 | Peasant |
| 4:08 | Peasant |
| 4:22 | Arcane Tower |
| 4:28 | Footman |
| 4:29 | Peasant |
| 4:42 | Peasant |
| 4:43 | Peasant |
| 4:43 | Peasant |
| 5:02 | Peasant |
| 5:13 | Keep |
| 5:28 | Footman |
| 5:42 | Lumber Mill |
| 5:45 | Blacksmith |
| 5:48 | Farm |
| 5:48 | Farm |
| 6:05 | Scout Tower |
| 6:06 | Scout Tower |
| 6:13 | Summon Water Elemental |
| 6:23 | Footman |
| 6:23 | Footman |
| 6:23 | Footman |
| 6:56 | Guard Tower |
| 7:02 | Arcane Vault |
| 7:04 | Guard Tower |
| 7:23 | Farm |
| 7:23 | Farm |
| 7:26 | Iron Forged Swords |
| 7:26 | Iron Plating |
| 7:27 | Potion of Lesser Invulnerability |
| 7:40 | Footman |
| 7:45 | Arcane Sanctum |
| 7:47 | Arcane Sanctum |
| 8:31 | Arcane Sanctum |
| 8:39 | Scroll of Regeneration |
| 8:39 | Lesser Clarity Potion |
| 9:04 | Spell Breaker |
| 9:05 | Priest |
| 9:06 | Priest |
| 9:37 | Farm |
| 9:37 | Farm |
| 9:37 | Farm |
| 10:02 | Spell Breaker |
| 10:02 | Spell Breaker |
| 10:04 | Sorceress |
| 10:04 | Priest |
| 10:04 | Spell Breaker |
| 10:08 | Castle |
| 10:20 | Improved Lumber Harvesting |
| 10:30 | Healing Spray |
| 10:49 | Spell Breaker |
| 10:50 | Priest |
| 10:51 | Sorceress |
| 11:03 | Brilliance Aura |
| 11:48 | Goblin Zeppelin |
| 12:06 | Spell Breaker |
| 12:10 | Steel Forged Swords |
| 13:02 | Steel Plating |
| 13:04 | Priest Adept Training |
| 13:04 | Sorceress Adept Training |
| 13:08 | Priest Master Training |
| 13:08 | Sorceress Master Training |
| 13:20 | Acid Bomb |
| 13:44 | Knight |
| 13:44 | Knight |
| 13:44 | Animal War Training |
| 14:07 | Peasant |
| 14:07 | Peasant |
| 14:07 | Peasant |
| 14:07 | Peasant |
| 14:55 | Knight |
| 15:36 | Spell Breaker |
| 15:37 | Priest |
| 15:38 | Knight |
| 15:48 | Scroll of Town Portal |
| 15:48 | Potion of Lesser Invulnerability |
| 15:49 | Scroll of Protection |
| 15:49 | Scroll of Healing |
| 15:50 | Scroll of Healing |
| 16:21 | Priest |
| 16:25 | Farm |
| 16:25 | Farm |
| 16:25 | Farm |
| 16:26 | Farm |
| 16:26 | Farm |
| 17:39 | Healing Spray |
| 17:59 | Summon Water Elemental |
| 18:03 | Priest |
| 18:03 | Sorceress |
| 18:50 | Acid Bomb |
| 19:07 | Priest |
| 19:08 | Sorceress |
| 19:08 | Sorceress |
| Right click | 722 |
| Select | 337 |
| Build/train/purchase | 185 |
| Select group | 50 |
| Assign group | 21 |
| Use ability | 19 |
| Misc. action | 4 |
| Item give/drop | 3 |
| Remove unit | 3 |